 Dungeon Crawl Stone Soup version 0.31-a0-1009-g454b1f1 (webtiles) character file.

Game seed: 8716799212427641461

49 Partyfoot the Ruffian (level 3, 0/39 HPs)
             Began as a Demonspawn Shapeshifter on Nov 14, 2023.
             Slain by Robin
             ... wielding a +4 spear of flaming
              (2 damage)
             ... on level 2 of the Dungeon.
             The game lasted 00:02:19 (1073 turns).

Partyfoot the Ruffian (Demonspawn Shapeshifter)     Turns: 1073, Time: 00:02:19

Health: 0/39       AC: 21    Str: 16    XL:     3   Next: 53%
Magic:  3/3        EV:  2    Int: 11    God:
Gold:   66         SH:  0    Dex: 12    Spells: 2/2 levels left

rFire   . .          .
                       - Unarmed
rCold   . . .        (no shield)
rNeg    . . .        a - melded +0 animal skin
rPois   +            (helmet currently unavailable)
rElec   .            (cloak currently unavailable)
rCorr   .            (gloves currently unavailable)
SInv    .            (boots currently unavailable)
Will    .....        (no amulet)
Stlth   +            (no ring)
HPRegen 0.26/turn    (no ring)
MPRegen 0.08/turn

%: no passive effects
@: tree-form
A: stationary, stasis, torment immunity, boosted hp, (hooves 1)
a: no special abilities


You were on level 2 of the Dungeon.
You were a tree.
You visited 1 branch of the dungeon, and saw 2 of its levels.

You collected 66 gold pieces.

Inventory:

Armour
 a - a +0 animal skin (melded)
Talismans
 c - a beast talisman
 d - a flux talisman
Scrolls
 f - 2 scrolls of blinking {unknown}
Potions
 e - a potion of attraction {unknown}


   Skills:
 - Level 1.0 Fighting
 - Level 1.7 Dodging
 + Level 3.5 Unarmed Combat
 + Level 3.3 Shapeshifting


You had 2 spell levels left.
You didn't know any spells.
Your spell library contained the following spells:

 Spells                   Type           Power      Damage    Failure   Level
 Ensorcelled Hibernation  Hex/Ice        0%         N/A       47%         2
 Jinxbite                 Hex            0%         N/A       47%         2
 Anguish                  Hex/Necr       0%         N/A       98%         4


Dungeon Overview and Level Annotations

Branches:
Dungeon (2/15)

Altars:

Annotations:
D:2 Robin


Innate Abilities, Weirdness & Mutations

You are a tree.
Your roots penetrate the ground, keeping you stationary.
You cannot be teleported.
You are immune to unholy pain and torment.
Your maximum health is greatly increased.
Your equipment is partially melded.
((You have large cloven feet.))


Message History

You barely miss the goblin. The goblin hits you but does no damage.
You hit the goblin.
You kill the goblin!
Robin hits you but does no damage.
You barely miss the goblin. Robin throws the goblin at you!
The goblin hits you but does no damage.
You cannot move.
You hit the goblin.
The goblin is heavily wounded.
Robin hits you but does no damage. The goblin hits you but does no damage.
You hit the goblin. You punch the goblin.
You kill the goblin!
You cannot move.
You cannot move.
You cannot move.
Robin hits you but does no damage.
Robin roars a battlecry!
Robin hits you but does no damage. Robin hits you but does no damage.
Robin hits you from afar with a +4 spear of flaming.
Robin burns you.
Robin roars a battlecry!
Robin hits you from afar with a +4 spear of flaming.
* * * LOW HITPOINT WARNING * * *
Robin burns you.
* * * LOW HITPOINT WARNING * * *
Robin hits you from afar with a +4 spear of flaming.
* * * LOW HITPOINT WARNING * * *
Robin burns you.
* * * LOW HITPOINT WARNING * * *
Robin hits you but does no damage. Robin hits you but does no damage.
Sorry, you're not good enough to have a special ability.
Robin hits you but does no damage. Robin hits you but does no damage.
Robin hits you from afar with a +4 spear of flaming.
* * * LOW HITPOINT WARNING * * *
Robin burns you.
You die...
Robin calls out, "Let's celebrate!
Time for a feast!"

. ...#.
#.##g#.#
#.#....#####
#..g........
#.gg.#
####g#.####
#.g......... ##
#)##.##.####
#.#.###♣##.# #
#......)##.#
##.#.#.####.#
##..#.##.###.#
#.#..........#
#.##.##.######.
#.............
##.#.#########
#..###


You could see Robin.

Vanquished Creatures
  2 adders (D:2)
  A dart slug (D:1)
  4 endoplasms (D:1)
  A giant cockroach (D:1)
  A hobgoblin (D:2)
  3 jackals (D:2)
  A kobold (D:1)
  2 ball pythons (D:1)
  A bat (D:1)
  2 frilled lizards (D:1)
  9 goblins
  A rat (D:1)
28 creatures vanquished.

Notes
Turn   | Place    | Note
-------+----------+-------------------------------------------
     0 | D:1      | Partyfoot the Demonspawn Shapeshifter began the quest for
                  | the Orb.
     0 | D:1      | Reached XP level 1. HP: 15/15 MP: 1/1
   247 | D:1      | Gained mutation: You have large cloven feet. [demonic
                  | ancestry]
   247 | D:1      | Reached XP level 2. HP: 21/21 MP: 2/2
   886 | D:2      | Reached XP level 3. HP: 4/26 MP: 3/3
  1028 | D:2      | Noticed Robin
  1073 | D:2      | Slain by Robin

Illustrated notes

Levels and vault maps discovered:
D:1:      ncdulo_halloftheorcs, layout_basic
D:2:      kennysheep_the_goblin_king, layout_loops_ring, st_stairs_8, uniq_robin

Skill      XL: |  1  2 |
---------------+-------+-----
Unarmed Combat | 3 |  3.5
Shapeshifting  | 3 |  3.3
Fighting       | |  1.0
Dodging        | |  1.7

Action                     || total
---------------------------++-------
  Melee: Unarmed           ||    87
         Kick              ||     5
         Punch             ||     1
    Use: Potion            ||     2
   Stab: Sleeping          ||     1
 Armour: Animal skin       ||    39
         Skin              ||    22
  Dodge: Dodged            ||    42

Table legend: (Time is in decaauts)
 A = Elapsed time spent in this place.
 B = Non-inter-level travel time spent in this place.
 C = Inter-level travel time spent in this place.
 D = Time resting spent in this place.
 E = Time spent auto-exploring this place.
 F = Levels seen in this place.
 G = Mean time per level.
                   A        B        C        D        E       F      G
               +--------+--------+--------+--------+--------+-----+--------+
         Total |   1068 |   1058 |     10 |    102 |    779 |   2 |  534.0 |
       Dungeon |   1068 |   1058 |     10 |    102 |    779 |   2 |  534.0 |
               +--------+--------+--------+--------+--------+-----+--------+

Top non-repeatable levels by time:
     D:1: 864 daAuts
     D:2: 203 daAuts
